 Dungeon Crawl Stone Soup version 0.19-b1-3-g7dea586 (webtiles) character file.

1035 dorian the Basher (level 8, -1/75 HPs)
             Began as an Ogre Hunter on Oct 28, 2016.
             Was a Follower of Trog.
             Killed from afar by an orc wizard (9 damage)
             ... with a puff of frost
             ... while paralysed
             ... on level 5 of the Dungeon.
             The game lasted 00:14:06 (5408 turns).

dorian the Basher (Ogre Hunter)                     Turns: 5408, Time: 00:14:06

Health: -1/75      AC:  4    Str: 20    XL:     8   Next: 24%
Magic:  8/8        EV:  1    Int: 10    God:    Trog [*.....]
Gold:   144        SH:  0    Dex: 10    Spells: 0 memorised, 7 levels left

rFire  . . .     SeeInvis .     H - +0 giant spiked club
rCold  . . .     Gourm    .     b - +0 robe
rNeg   . . .     Faith    .     (shield currently unavailable)
rPois  .         Spirit   .     (helmet restricted)
rElec  .         Reflect  .     D - +0 cloak
rCorr  .         Harm     .     (gloves unavailable)
MR     .....                    (boots unavailable)
Stlth  +.........               (no amulet)
                                (no ring)
                                (no ring)

@: paralysed, exhausted, slowed
A: unfitting armour, tough skin 1
a: Berserk, Burn Spellbooks, Renounce Religion


You were on level 5 of the Dungeon.
You worshipped Trog.
Trog was aware of your devotion.
You were near starving.

You visited 2 branches of the dungeon, and saw 6 of its levels.
You also visited: Sewer.

You collected 144 gold pieces.

Inventory:

Hand Weapons
 B - a +0 flail
 G - a +0 giant club
 H - a +0 giant spiked club (weapon)
Missiles
 d - 7 large rocks (quivered)
 x - 2 tomahawks
Armour
 b - a +0 robe (worn)
 D - a +0 cloak (worn)
Jewellery
 v - a cursed amulet of inaccuracy {unknown}
Scrolls
 a - 2 scrolls of enchant weapon {unknown}
 e - 3 scrolls of remove curse {unknown}
 i - 2 scrolls of fear {unknown}
 j - 4 scrolls of identify {unknown}
 k - a scroll of enchant armour {unknown}
 l - a scroll of random uselessness {unknown}
 m - 3 scrolls of recharging {unknown}
 n - a scroll of teleportation {unknown}
 p - a scroll of noise {unknown}
 r - 6 scrolls of immolation {unknown}
 t - 2 scrolls of amnesia {unknown}
 y - a scroll of magic mapping {unknown}
Potions
 c - a potion of invisibility {unknown}
 g - a potion of magic {unknown}
 h - 2 potions of mutation {unknown}
 o - 4 potions of heal wounds {unknown}
 q - 4 potions of haste {unknown}
 s - 2 potions of flight {unknown}
 u - a potion of resistance {unknown}
 A - 3 potions of curing {unknown}
 C - 4 potions of degeneration {unknown}
 E - a potion of lignification {unknown}
 F - a potion of agility {unknown}
Comestibles
 f - 5 bread rations
 w - a meat ration
 z - 5 fruits


   Skills:
 - Level 3.1 Fighting
 + Level 8.3 Maces & Flails
 + Level 7.8 Throwing
 - Level 1.7 Dodging
 - Level 0.6 Stealth


You had 7 spell levels left.
You didn't know any spells.

Dungeon Overview and Level Annotations

Branches:
Dungeon (5/15)             Temple (1/1) D:5

Altars:
Ashenzari
Dithmenos
Elyvilon
Fedhas
Hepliaklqana
Kikubaaqudgha
Makhleb
Qazlal
Ru
Sif Muna
Trog
Uskayaw
Vehumet
Xom
Yredelemnul
The Shining One


Innate Abilities, Weirdness & Mutations

You are too large for most types of armour.
You have tough skin. (AC +1)


Message History

* * * LOW HITPOINT WARNING * * *
You closely miss something. Something hits you but does no damage.
You miss something. Something hits you.
* * * LOW HITPOINT WARNING * * *
The orc priest mumbles some strange prayers to Beogh against you.
Beogh smites you!
* * * LOW HITPOINT WARNING * * *
You miss something. Something hits you.
* * * LOW HITPOINT WARNING * * *
You miss something. Something hits you but does no damage.
You miss something. Something hits you.
* * * LOW HITPOINT WARNING * * *
You miss something.
You are no longer berserk.
You pass out from exhaustion.
You feel yourself slow down. Something hits you but does no damage.
You hear some strange, mumbled words.
A puff of frost appears from out of thin air!
The puff of frost hits you!
You die...

#+# #.# #.#
##.##
##...#####
..###...((..o#
#.....ooo..o[#
#{# #@# #.#
#.# #.#
#.#########
#.........#
#.#######.#
########.# #.#
#........#
#####.####


You could see an orc priest and 2 orcs.

Vanquished Creatures
  2 ogres (D:4)
  4 big kobolds (Sewer)
  A scorpion (D:4)
  A crimson imp (D:5)
  A hound (D:4)
  2 orc wizards (D:4)
  An iguana (D:4)
  3 worker ants
  A hound skeleton (D:4)
  7 gnolls
  10 adders
  2 river rats (Sewer)
  4 oozes (Sewer)
  6 worms
  2 leopard geckos
  21 orcs
  3 ball pythons
  4 giant cockroaches
  5 goblins
  6 hobgoblins
  A jackal (D:3)
  A quokka (D:3)
  4 bats
  4 frilled lizards
  12 kobolds
  13 rats
121 creatures vanquished.

Notes
Turn   | Place    | Note
-------+----------+-------------------------------------------
     0 | D:1      | dorian the Ogre Hunter began the quest for the Orb.
     0 | D:1      | Reached XP level 1. HP: 22/22 MP: 1/1
   367 | D:1      | Reached XP level 2. HP: 29/31 MP: 2/2
   674 | D:2      | Reached skill level 1 in Maces & Flails
   674 | D:2      | Reached XP level 3. HP: 36/37 MP: 3/3
   877 | D:2      | Reached skill level 2 in Maces & Flails
   904 | D:2      | Reached XP level 4. HP: 45/45 MP: 4/4
  1006 | D:2      | Reached skill level 3 in Maces & Flails
  1021 | D:2      | Reached skill level 5 in Throwing
  1732 | D:2      | Reached XP level 5. HP: 51/53 MP: 5/5
  2052 | D:3      | Reached skill level 4 in Maces & Flails
  2622 | D:3      | Found a hazy altar of Hepliaklqana.
  2623 | D:3      | Found a shimmering altar of Xom.
  2624 | D:3      | Noticed a spectral ugly thing
  3098 | D:4      | Reached XP level 6. HP: 43/61 MP: 6/6
  3255 | D:4      | Reached skill level 5 in Maces & Flails
  3984 | D:4      | Reached skill level 6 in Maces & Flails
  4044 | D:4      | Reached XP level 7. HP: 62/67 MP: 7/7
  4079 | D:4      | Found a hide-covered altar of Uskayaw.
  4284 | D:5      | Entered Level 5 of the Dungeon
  4366 | D:5      | Found a staircase to the Ecumenical Temple.
  4374 | Temple   | Entered the Ecumenical Temple
  4573 | Temple   | Became a worshipper of Trog the Wrathful
  4628 | D:5      | Reached skill level 7 in Maces & Flails
  4663 | D:5      | Found a glowing drain.
  4671 | Sewer    | Entered a sewer
  4924 | Sewer    | Reached XP level 8. HP: 68/75 MP: 8/8
  5082 | Sewer    | Reached * piety under Trog
  5087 | Sewer    | Reached skill level 8 in Maces & Flails
  5408 | D:5      | Killed from afar by an orc wizard

Skill      XL: |  1  2  3  4  5  6  7  8 |
---------------+-------------------------+-----
Fighting       | 3 |  3.1
Maces & Flails | 1 2 3 4 6 7 8 |  8.3
Throwing       | 5 6 7 |  7.8
Dodging        | |  1.7
Stealth        | |  0.6

Action                   |  1- 3 |  4- 6 |  7- 9 || total
-------------------------+-------+-------+-------++-------
Melee: Short sword       |    20 |       |       ||    20
       Mace              |    33 |       |       ||    33
       Flail             |       |   161 |    11 ||   172
       Giant spiked club |       |       |    92 ||    92
Throw: Large rock        |     6 |    32 |     7 ||    45
       Javelin           |       |    17 |    11 ||    28
       Throwing net      |       |     3 |       ||     3
       Tomahawk          |       |       |     7 ||     7
Invok: Berserk           |       |       |     1 ||     1
 Stab: Sleeping          |       |     1 |     1 ||     2
  Eat: Chunk             |       |     7 |     4 ||    11
       Beef jerky        |       |     1 |       ||     1
       Pizza             |       |     1 |       ||     1
Armor: Robe              |    15 |    30 |    27 ||    72
Dodge: Dodged            |    37 |    67 |    50 ||   154
